AoeStats
← denick

Black Forest

509453998Analyzed
4v4 RM · 6d ago on Sep 26, 2026· 43m 35s· 8 players
Game mode
Random Map
Map size
Large (8 player)
Population
200
Speed
Normal
Resources
Standard
Victory
Conquest
Starting age
Dark Age
Ending age
Imperial Age
RankedLock teamsTeams togetherTeam positionsShared explorationLock speedFull tech treeHidden civsTurbo modeCheats
Victory
Defeat
🇦🇹 Huns · Austria
820
+15
🇹🇷 Hindustanis · Türkiye
799
+16
🇪🇸 Japanese · Spain
797
+16
🇵🇹 Berbers · Portugal
747
+18
🇹🇷 Magyars · Türkiye
859
-20
🇺🇸 Portuguese · United States
800
-16
🇲🇽 Koreans · Mexico
792
-16
🇵🇪 Chinese · Peru
726
-13
MSN>CBB
0:32 Loom
12:43 Feudal Age
14:11 Wheelbarrow
13:25 Double-Bit Axe
16:28 Man-at-Arms
23:11 Castle Age
23:06 Stone Mining
23:09 Gold Mining
26:04 Long Swordsman
30:26 Bow Saw
30:05 Horse Collar
31:58 Caravan
34:03 Stone Shaft Mining
36:42 Imperial Age
35:08 Masonry
35:13 Forging
35:34 Fletching
36:00 Grand Trunk Road
38:52 Hand Cart
38:25 Town Watch
38:47 Bodkin Arrow
38:53 Padded Archer Armor
40:59 Chemistry
40:06 Siege Engineers
40:34 Elite Ghulam
41:51 Hoardings
yenepu
0:29 Loom
11:50 Feudal Age
12:20 Double-Bit Axe
13:24 Horse Collar
14:40 Fishing Lines
22:18 Castle Age
20:26 Stone Mining
20:48 Gold Mining
24:05 Bow Saw
24:41 Wheelbarrow
24:23 Fervor
25:16 Heavy Plow
27:13 Treadmill Crane
30:09 Hand Cart
30:43 Padded Archer Armor
30:56 Forging
30:46 Scale Mail Armor
33:29 Imperial Age
30:47 Pikeman
31:28 Squires
31:55 Forging
33:05 Arson
34:03 Iron Casting
33:44 Chain Mail Armor
34:32 Conscription
34:27 Kasbah
33:49 Elite Camel Archer
36:29 Chemistry
35:32 Murder Holes
36:52 Siege Engineers
37:08 Ballistics
37:17 Fletching
37:42 Leather Archer Armor
37:59 Plate Mail Armor
38:33 Bodkin Arrow
38:54 Masonry
39:27 Crop Rotation
39:59 Maghrebi Camels
41:19 Elite Genitour
41:26 Elite Skirmisher
44:19 Ring Archer Armor
Hallvardr
8:27 Loom
13:46 Feudal Age
15:35 Town Watch
15:49 Double-Bit Axe
16:54 Fishing Lines
18:12 Horse Collar
18:43 Gold Mining
18:43 Stone Mining
23:24 Castle Age
24:23 Bow Saw
24:16 Heavy Plow
25:26 Wheelbarrow
25:16 Gillnets
26:58 Town Patrol
27:31 Fletching
28:23 Gold Shaft Mining
27:57 Elite Skirmisher
28:36 Bodkin Arrow
28:41 Padded Archer Armor
28:52 Forging
28:42 Scale Mail Armor
29:21 Caravan
30:59 Ballistics
30:52 Masonry
30:23 Treadmill Crane
30:39 Murder Holes
31:13 Hand Cart
34:09 Leather Archer Armor
37:30 Imperial Age
38:54 Bracer
39:25 Ring Archer Armor
39:58 Chemistry
40:01 Conscription
39:12 Elite Genitour
rauni11
4:56 Loom
10:44 Feudal Age
15:48 Castle Age
14:08 Double-Bit Axe
16:50 Horse Collar
19:23 Bow Saw
24:37 Heavy Plow
27:56 Gold Mining
31:22 Imperial Age
29:10 Bloodlines
29:00 Husbandry
29:08 Scale Barding Armor
29:15 Forging
30:07 Gold Shaft Mining
30:09 Wheelbarrow
30:10 Chain Barding Armor
30:57 Marauders
31:38 Iron Casting
31:22 Caravan
31:28 Cavalier
31:32 Capped Ram
32:39 Conscription
34:32 Two-Man Saw
33:51 Hand Cart
33:37 Paladin
35:09 Siege Ram
CROOKED HILLARY
0:45 Loom
14:42 Feudal Age
15:19 Fishing Lines
16:43 Wheelbarrow
16:01 Double-Bit Axe
16:01 Horse Collar
22:40 Castle Age
20:26 Town Watch
20:38 Stone Mining
20:39 Gold Mining
27:35 Hand Cart
27:20 Town Patrol
27:13 Gillnets
27:38 Bow Saw
27:49 Heavy Plow
30:11 Caravan
31:20 Stone Shaft Mining
37:47 Imperial Age
38:13 Husbandry
38:25 Bloodlines
37:35 Light Cavalry
38:48 Forging
38:38 Scale Mail Armor
denick
0:36 Loom
11:53 Feudal Age
12:27 Horse Collar
12:50 Double-Bit Axe
19:34 Gold Mining
19:34 Stone Mining
20:38 Forging
20:33 Scale Barding Armor
25:44 Stone Mining
27:43 Wheelbarrow
26:54 Town Watch
26:36 Man-at-Arms
27:01 Arson
31:14 Castle Age
30:24 Scale Barding Armor
30:20 Scale Mail Armor
30:10 Fletching
32:57 Bow Saw
32:50 Heavy Plow
32:14 Crossbowman
32:14 Elite Skirmisher
33:33 Fervor
33:45 Hand Cart
33:11 Long Swordsman
33:11 Pikeman
35:07 Gold Shaft Mining
35:07 Stone Shaft Mining
35:54 Ballistics
35:15 Treadmill Crane
36:00 Town Patrol
36:39 Thumb Ring
37:24 Squires
36:46 Pikeman
36:50 Light Cavalry
37:30 Husbandry
39:50 Iron Casting
39:30 Chain Mail Armor
39:35 Chain Barding Armor
39:11 Bodkin Arrow
43:07 Imperial Age
42:45 Eupseong
ryioze
12:52 Feudal Age
13:20 Double-Bit Axe
13:38 Horse Collar
15:38 Fishing Lines
21:22 Castle Age
20:15 Stone Mining
21:15 Gold Mining
24:50 Bow Saw
28:02 Heavy Plow
28:25 Corvinian Army
31:03 Scale Mail Armor
31:04 Padded Archer Armor
30:54 Fletching
31:48 Thumb Ring
35:07 Imperial Age
32:47 Gillnets
32:55 Bodkin Arrow
33:16 Chain Mail Armor
33:13 Treadmill Crane
33:54 Ballistics
33:45 Masonry
33:45 Loom
34:35 Wheelbarrow
33:46 Town Watch
34:19 Leather Archer Armor
34:10 Scale Barding Armor
35:14 Gold Shaft Mining
35:40 Hand Cart
35:52 Chain Barding Armor
36:15 Parthian Tactics
37:09 Chemistry
36:44 Recurve Bow
37:53 Two-Man Saw
36:58 Bracer
37:28 Ring Archer Armor
37:09 Heavy Cavalry Archer
39:27 Plate Barding Armor
39:20 Husbandry
39:31 Bloodlines
39:19 Elite Magyar Huszar
41:25 Siege Engineers
BrunoCueva5593
1:35 Loom
17:51 Feudal Age
19:52 Double-Bit Axe
21:04 Gold Mining
22:31 Wheelbarrow
24:44 Horse Collar
28:54 Castle Age
26:59 Stone Mining
27:34 Fishing Lines
28:33 Bloodlines
29:47 Scale Barding Armor
29:20 Pikeman
30:00 Squires
29:46 Arson
33:15 Husbandry
34:55 Forging
34:45 Scale Mail Armor
34:46 Padded Archer Armor
34:38 Fletching
35:20 Hand Cart
35:18 Gillnets
35:41 Town Watch
36:18 Caravan
Connection lost

Rejoining the realm…

Still unreachable

The connection could not be restored.

Session expired

The server has moved on; the page needs a fresh start.